 Dungeon Crawl Stone Soup version 0.31-a0-1224-g6819f34 (webtiles) character file.

Game seed: 10105779374387338944

88 Archie the Slasher (level 4, -2/35 HPs)
             Began as a Human Berserker on Dec 14, 2023.
             Was a Believer of Trog.
             Succumbed to a scorpion's poison
             ... on level 3 of the Dungeon.
             The game lasted 00:12:20 (1638 turns).

Archie the Slasher (Human Berserker)                Turns: 1638, Time: 00:12:20

Health: -2/35      AC:  6    Str: 19    XL:     4   Next: 82%
Magic:  4/4        EV: 10    Int:  8    God:    Trog [**....]
Gold:   101        SH:  0    Dex: 12    Spells: 3/3 levels left

rFire   . . .        a - +0 falchion
rCold   . . .        (no shield)
rNeg    . . .        d - +0 scale mail
rPois   .            (no helmet)
rElec   .            (no cloak)
rCorr   .            (no gloves)
SInv    .            (no boots)
Will    .....        (no amulet) Stlth
                     (no ring)
HPRegen 0.25/turn    (no ring)
MPRegen 0.09/turn

%: no passive effects
@: lethally poisoned (-2 -> -40)
A: no striking features
a: Renounce Religion, Berserk, Trog's Hand


You were on level 3 of the Dungeon.
You worshipped Trog.
Trog was pleased with you.
You visited 1 branch of the dungeon, and saw 3 of its levels.

You collected 101 gold pieces.

Inventory:

Hand Weapons
 a - a +0 falchion (weapon)
Armour
 b - a +0 animal skin
 d - a +0 scale mail (worn)
Talismans
 f - a maw talisman
Scrolls
 c - a scroll of identify
 e - a scroll of blinking {unknown}
 g - a scroll of immolation
Potions
 h - a potion of cancellation {unknown}


   Skills:
 + Level 3.5 Fighting
 + Level 4.2 Long Blades
 + Level 2.4 Armour
 + Level 2.5 Dodging


You had 3 spell levels left.
You didn't know any spells.
Your spell library was empty.

Dungeon Overview and Level Annotations

Branches:
Dungeon (3/15)

Altars:

Shops:
D:2 [*=[!   D:3 (


Message History

You kill the dart slug!
Trog accepts your kill.
You see here a dart slug corpse.
Found a stone staircase leading down.
c - a scroll of identify You now have 87 gold pieces (gained 10).
You now have 101 gold pieces (gained 14).
You see here a +0 short sword.
There is an empty arch of ancient stone here.
There is an entrance to Uhotwu Biur's Antique Weapon Boutique here.
There is an empty arch of ancient stone here.
Found a stone staircase leading down.
A scorpion comes into view.
Found 6 gold pieces.
The scorpion stings you but does no damage.
The scorpion stings you.
You are poisoned.
The scorpion poisons you!
You hit the scorpion.
The scorpion is lightly wounded.
You feel very sick. The scorpion stings you.
You hit the scorpion but do no damage.
The scorpion is lightly wounded.
You feel sick. The scorpion stings you.
You closely miss the scorpion.
The scorpion is lightly wounded.
You feel sick. The scorpion stings you.
You are more poisoned.
The scorpion poisons you!
You feel sick. The scorpion attacks as it pursues you! The scorpion stings you.
* * * LOW HITPOINT WARNING * * *
You are lethally poisoned!
The scorpion poisons you! The scorpion stings you.
* * * LOW HITPOINT WARNING * * *
You are more poisoned.
The scorpion poisons you!
You barely miss the scorpion.
The scorpion is lightly wounded.
You die...

#.##.# #.#... #.# #.##.#
. .#... #.# #.###...∩.
#.#.#...# #.# #......∩∩∩
......#.###>########.#.∩.
#.#.#...##.# ... #.####
......##.##.#.###.#
#.#.#.#..##....#...#.####
.......s@....#####.......
.#.#.#.#.###...#...######
..##.# ###.#.### #.#. #.#
#...# .$ . #.# ##### .#
#. #.# . ..# .. #.#


You could see a scorpion.

Vanquished Creatures
  4 adders
  A dart slug (D:3)
  3 bats
  9 endoplasms
  2 giant cockroaches (D:1)
  5 goblins
  A hobgoblin (D:2)
  3 jackals (D:1)
  5 kobolds (D:1)
  2 quokkas
  3 ball pythons
  4 frilled lizards
  5 rats
47 creatures vanquished.

Notes
Turn   | Place    | Note
-------+----------+-------------------------------------------
     0 | D:1      | Archie the Human Berserker began the quest for the Orb.
     0 | D:1      | Reached XP level 1. HP: 18/18 MP: 1/1
   166 | D:1      | Reached XP level 2. HP: 24/24 MP: 2/2
   413 | D:1      | Reached XP level 3. HP: 29/29 MP: 3/3
   414 | D:1      | Reached ** piety under Trog
   709 | D:2      | Found Kaen's Armour Emporium.
   819 | D:2      | Reached XP level 4. HP: 35/35 MP: 4/4
   928 | D:2      | Found Opsiod's General Store.
   945 | D:2      | Found Monap's Jewellery Shoppe.
  1022 | D:2      | Found Huurchyz's Armour Shop.
  1107 | D:2      | Reached skill level 4 in Long Blades
  1130 | D:2      | Found Vyeteqop's Distillery.
  1539 | D:3      | Found Uhotwu Biur's Antique Weapon Boutique.
  1632 | D:3      | Noticed a scorpion
  1638 | D:3      | Succumbed to a scorpion's poison

Illustrated notes

Levels and vault maps discovered:
D:1:      ncdulo_smallfort, layout_basic, kennysheep_boxes
D:2:      layout_loops_corners, serial_shops, nicolae_lakefront_shop, shop,
          nicolae_lakefront_shop, shop, shop
D:3:      layout_loops_ring, hellmonk_ecumenical_altar_inner_sanctum,
          serial_shops, nicolae_shop_dealshenge, hex_medium

Skill      XL: |  1  2  3  4 |
---------------+-------------+-----
Long Blades    | 4 |  4.2
Fighting       | |  3.5
Armour         | |  2.4
Dodging        | |  2.5

Action                     |  1- 3 |  4- 6 || total
---------------------------+-------+-------++-------
  Melee: Falchion          |   100 |    72 ||   172
    Use: Potion            |     1 |     1 ||     2
         Scroll            |     2 |       ||     2
 Armour: Animal skin       |    19 |       ||    19
         Scale mail        |    55 |    61 ||   116
  Dodge: Dodged            |    75 |    47 ||   122

Table legend: (Time is in decaauts)
 A = Elapsed time spent in this place.
 B = Non-inter-level travel time spent in this place.
 C = Inter-level travel time spent in this place.
 D = Time resting spent in this place.
 E = Time spent auto-exploring this place.
 F = Levels seen in this place.
 G = Mean time per level.
                   A        B        C        D        E       F      G
               +--------+--------+--------+--------+--------+-----+--------+
         Total |   1691 |    365 |   1326 |      0 |      0 |   3 |  563.7 |
       Dungeon |   1691 |    365 |   1326 |      0 |      0 |   3 |  563.7 |
               +--------+--------+--------+--------+--------+-----+--------+

Top non-repeatable levels by time:
     D:2: 839 daAuts
     D:1: 678 daAuts
     D:3: 174 daAuts
